 Dungeon Crawl Stone Soup version 0.25.1-2-g60ff931df9 (webtiles) character file.

Game seed: 3893133467432586400

468 ImmortalCoil the Chopper (level 6, 0/48 HPs)
             Began as a Demonspawn Abyssal Knight on Sept 17, 2020.
             Was a Priest of Lugonu.
             Slain by an ogre
             ... wielding a +0 giant club
              (17 damage)
             ... on level 5 of the Dungeon.
             The game lasted 00:30:20 (5366 turns).

ImmortalCoil the Chopper (DsAK)                     Turns: 5366, Time: 00:30:20

Health: 0/48       AC:  8    Str: 15    XL:     6   Next: 81%
Magic:  8/8        EV:  7    Int: 13    God:    Lugonu [***...]
Gold:   268        SH:  3    Dex: 12    Spells: 5/5 levels left

rFire    . . .     SeeInvis .   a - +1 hand axe
rCold    + . .     Gourm    .   j - +0 buckler
rNeg     . . .     Faith    .   t - +2 ring mail {rC+}
rPois    .         Spirit   .   (helmet restricted)
rElec    .         Reflect  .   r - +0 cloak
rCorr    +         Harm     .   (no gloves)
MR       .....                  (boots unavailable)
Stlth    +.........             q - amulet of regeneration
HPRegen  0.56/turn              f - ring of resist corrosion
MPRegen  0.11/turn              y - -4 ring of evasion (curse)

@: no status effects
A: antennae 1, talons 3
a: Depart the Abyss, Bend Space, Banish, Renounce Religion


You were on level 5 of the Dungeon.
You worshipped Lugonu.
Lugonu was most pleased with you.
You were not hungry.

You visited 1 branch of the dungeon, and saw 5 of its levels.
You visited the Abyss 1 time.

You collected 268 gold pieces.

Inventory:

Hand Weapons
 a - a +1 hand axe (weapon)
 p - a +3 dagger
 x - a +2 dagger of freezing
Missiles
 k - 74 stones (quivered)
Armour
 j - a +0 buckler (worn)
 r - a +0 cloak (worn)
 t - a +2 ring mail of cold resistance (worn)
Jewellery
 f - a ring of resist corrosion (left hand)
 q - an amulet of regeneration (around neck)
 y - a cursed -4 ring of evasion (right hand)
Wands
 z - a wand of acid (6)
Scrolls
 d - a scroll of noise
 g - 5 scrolls of teleportation
 l - 2 scrolls of magic mapping
 o - 2 scrolls of enchant weapon {unknown}
Potions
 e - a potion of curing
 h - 2 potions of magic
 i - a potion of cancellation
 m - 2 potions of degeneration
 n - a potion of mutation
 s - 2 potions of heal wounds
 v - a potion of haste {unknown}
 w - a potion of stabbing {unknown}
Comestibles
 c - 7 rations


   Skills:
 + Level 4.1 Fighting
 + Level 4.2 Axes
 + Level 3.5 Armour
 + Level 2.8 Dodging
 + Level 0.8 Stealth
 + Level 0.6 Shields
 + Level 2.7 Invocations


You had 5 spell levels left.
You didn't know any spells.
Your spell library contained the following spells:

 Spells                   Type           Power        Failure   Level  Hunger
 Foxfire                  Conj/Fire      #...         65%         1    ##.....
 Conjure Flame            Conj/Fire      #.......     95%         3    ####...
 Inner Flame              Hex/Fire       #.......     95%         3    ####...
 Sticky Flame             Conj/Fire      #.......     100%        4    #####..
 Fireball                 Conj/Fire      #.........   100%        5    ######.


Dungeon Overview and Level Annotations

Branches:
Dungeon (5/15)
 Temple: D:4-7

Altars:
Ashenzari
Cheibriados
Elyvilon
Makhleb
Nemelex Xobeh
Okawaru
Qazlal
Zin

Annotations:
D:3 2 transporters, Grinder; speedstriker's ghost, amateur TrCK
D:4 Edmund
D:5 Ijyb


Innate Abilities, Weirdness & Mutations

You have a pair of small antennae on your head.
You have claws for feet.


Message History

You barely miss the ogre. You claw the ogre!
The ogre is moderately wounded.
You block the ogre's attack.
You slash the ogre! You claw the ogre.
The ogre is severely wounded.
The ogre hits you with a +0 giant club!
You hit the ogre. Your kick misses the ogre.
The ogre is almost dead.
The ogre hits you with a +0 giant club!
* * * LOW HITPOINT WARNING * * *
You feel better.
You barely miss the ogre. You claw the ogre.
The ogre is almost dead.
The ogre hits you with a +0 giant club!
* * * LOW HITPOINT WARNING * * *
You feel better. You block the ogre's attack.
You barely miss the ogre. Your kick misses the ogre.
The ogre is almost dead.
The ogre hits you with a +0 giant club!
You die...

.........#
........#
.......#
#....>.#
#.....(#
#......####
#..O....... #@#
#.# #.# #.# #.#
.... ######'##
.... #.......#
..... #.......#
._..#
#.......#......


You could see an ogre.

Vanquished Creatures
  Purgy (D:2)
  Blork the orc (D:4)
  An orc priest (D:3)
  An iguana (D:4)
  Natasha (thrice) (D:2)
  Robin (D:4)
  6 adders
  An ooze (D:1)
  2 dart slugs (D:1)
  10 orcs
  13 bats
  6 giant cockroaches
  13 goblins
  18 hobgoblins
  8 jackals
  5 kobolds
  2 quokkas
  4 frilled lizards
  5 rats
101 creatures vanquished.

Vanquished Creatures (others)
  An orc (D:4)
1 creature vanquished.

Grand Total: 102 creatures vanquished

Notes
Turn   | Place    | Note
-------+----------+-------------------------------------------
     0 | Abyss:1  | ImmortalCoil the Demonspawn Abyssal Knight began the quest
                  | for the Orb.
     0 | Abyss:1  | Reached XP level 1. HP: 18/18 MP: 2/2
    26 | Abyss:1  | Noticed a neqoxec
    53 | Abyss:3  | Found a corrupted altar of Lugonu.
    56 | Abyss:3  | Noticed a blizzard demon
    56 | D:1      | Escaped the Abyss
   359 | D:1      | Reached * piety under Lugonu
   363 | D:1      | Gained mutation: You have sharp toenails. [demonic
                  | ancestry]
   363 | D:1      | Reached XP level 2. HP: 17/24 MP: 3/3
  1114 | D:1      | Gained mutation: You have razor-sharp toenails. [demonic
                  | ancestry]
  1114 | D:1      | Reached XP level 3. HP: 29/29 MP: 3/5
  1421 | D:1      | Reached skill level 1 in Dodging
  2138 | D:2      | Found an iron altar of Okawaru.
  2147 | D:2      | Gained mutation: You have a pair of small antennae on your
                  | head. [demonic ancestry]
  2147 | D:2      | Reached XP level 4. HP: 33/35 MP: 6/6
  2166 | D:2      | Found a stormy altar of Qazlal.
  2166 | D:2      | Found a burning altar of Makhleb.
  2199 | D:2      | Found a sparkling altar of Nemelex Xobeh.
  2234 | D:2      | Found a shattered altar of Ashenzari.
  2244 | D:2      | Reached ** piety under Lugonu
  2336 | D:2      | Noticed Natasha
  2374 | D:2      | Killed Natasha
  2554 | D:2      | Noticed Natasha
  2690 | D:3      | Gained mutation: You have claws for feet. [demonic
                  | ancestry]
  2690 | D:3      | Reached XP level 5. HP: 17/42 MP: 7/7
  3023 | D:3      | Noticed an ogre
  3263 | D:3      | Noticed Grinder
  3407 | D:2      | Killed Natasha
  3486 | D:2      | Noticed Natasha
  3492 | D:2      | Killed Natasha
  3821 | D:3      | Found a transporter.
  3825 | D:3      | Found a transporter.
  3826 | D:3      | Noticed an ogre
  3831 | D:3      | Noticed speedstriker's ghost (amateur TrCK)
  4023 | D:3      | Noticed Purgy
  4111 | D:2      | Killed Purgy
  4111 | D:2      | Reached XP level 6. HP: 37/48 MP: 8/8
  4507 | D:4      | Found a snail-covered altar of Cheibriados.
  4522 | D:4      | Noticed Blork the orc
  4564 | D:4      | Killed Blork the orc
  4645 | D:3      | Paralysed by Grinder for 6 turns
  4753 | D:4      | Noticed Robin
  4762 | D:4      | Killed Robin
  4763 | D:4      | Reached *** piety under Lugonu
  4782 | D:4      | Found a white marble altar of Elyvilon.
  4950 | D:4      | Noticed Edmund
  5172 | D:5      | Entered Level 5 of the Dungeon
  5241 | D:5      | Noticed Ijyb
  5335 | D:5      | Found a glowing silver altar of Zin.
  5366 | D:5      | Slain by an ogre

Illustrated notes

Levels and vault maps discovered:
D:1:      dpeg_arrival_rooms_with_view, layout_loops_cross
D:2:      layout_basic, ashenzari_altar_1, lemuel_round_altar,
          nemelex_altar_shiori, chequers_temple_overflow_statue_of_worship,
          roderic_filled_cross, uniq_natasha
D:3:      layout_loops_ring, first_ration, gammafunk_ghost_smash,
          corexii_item_surrounded_by_moat, uniq_grinder, uniq_purgy
D:4:      layout_rooms, cheibriados_altar_1, elyvilon_altar_5,
          uniq_blork_the_orc, uniq_robin, uniq_edmund
D:5:      layout_basic, temple_fountains, basic_altar, gammafunk_ghost_grave,
          minmay_chambers_of_fives, uniq_prince_ribbit1, uniq_ijyb

Skill      XL: |  1  2  3  4  5  6 |
---------------+-------------------+-----
Axes           | 2 3 4 |  4.2
Armour         | 2 3 |  3.5
Dodging        | 1 2 |  2.8
Fighting       | 4 |  4.1
Stealth        | |  0.8
Shields        | |  0.6
Invocations    | |  2.7

Action                   |  1- 3 |  4- 6 || total
-------------------------+-------+-------++-------
Melee: Hand axe          |   156 |   265 ||   421
       Kick              |       |    56 ||    56
Invok: Depart the Abyss  |     1 |       ||     1
  Use: Scroll            |       |    11 ||    11
       Potion            |       |     2 ||     2
 Stab: Sleeping          |     1 |       ||     1
  Eat: Chunk             |     4 |     7 ||    11
       Ration            |       |     1 ||     1
Armor: Leather armour    |    57 |       ||    57
       Ring mail         |    21 |   109 ||   130
Dodge: Dodged            |   109 |   130 ||   239
Block: Buckler           |       |    38 ||    38
